 Dungeon Crawl Stone Soup version 0.31.0-10-gcf4a605ca0 (webtiles) character file.

Game seed: 18086386512463897464

638 Curundu the Cleaver (level 7, -11/62 HPs)
             Began as a Minotaur Berserker on Jan 25, 2024.
             Was a Priest of Trog.
             Mangled by a two-headed ogre
             ... wielding a +0 giant spiked club
              (13 damage)
             ... on level 5 of the Dungeon.
             The game lasted 00:10:14 (2873 turns).

Curundu the Cleaver (Minotaur Berserker)            Turns: 2873, Time: 00:10:14

Health: -11/62     AC:  9    Str: 23    XL:     7   Next: 25%
Magic:  6/6        EV:  9    Int:  4    God:    Trog [***...]
Gold:   286        SH:  0    Dex: 10    Spells: 6/6 levels left

rFire   . . .        b - +3 broad axe (freeze)
rCold   . . .        (no shield)
rNeg    . . .        c - +0 chain mail
rPois   .            (helmet restricted)
rElec   .            (no cloak)
rCorr   .            (no gloves)
SInv    .            (no boots)
Will    .....        (no amulet) Stlth
                     (no ring)
HPRegen 0.30/turn    (no ring)
MPRegen 0.10/turn

%: no passive effects
@: no status effects
A: horns 2, retaliatory headbutt
a: Renounce Religion, Berserk, Trog's Hand


You were on level 5 of the Dungeon.
You worshipped Trog.
Trog was most pleased with you.
You visited 1 branch of the dungeon, and saw 5 of its levels.

You collected 286 gold pieces.

Inventory:

Hand Weapons
 b - a +3 broad axe of freezing (weapon)
Armour
 c - a +0 chain mail (worn)
Jewellery
 j - an amulet of reflection
Scrolls
 m - 2 scrolls of identify
 o - a scroll of fog
Potions
 a - a potion of berserk rage {unknown}
 d - a potion of resistance {unknown}
 e - 3 potions of mutation
 f - a potion of enlightenment {unknown}
 g - a potion of cancellation {unknown}
 h - a potion of heal wounds {unknown}
 i - a potion of attraction {unknown}
 l - a potion of curing {unknown}
 n - 2 potions of magic {unknown}
 p - a potion of brilliance {unknown}


   Skills:
 + Level 5.7 Fighting
 + Level 8.0 Axes
 + Level 4.3 Armour
 + Level 2.8 Dodging
 + Level 0.1 Stealth


You had 6 spell levels left.
You didn't know any spells.
Your spell library was empty.

Dungeon Overview and Level Annotations

Branches:
Dungeon (5/15)             Temple (0/1) D:4

Altars:
Makhleb
Qazlal
Ru

Shops:
D:1 ?*=?   D:4 ?


Innate Abilities, Weirdness & Mutations

You have a pair of horns on your head.
You reflexively headbutt those who attack you in melee.


Message History

There is an open door here.
There is an open door here.
Found a sacrificial altar of Ru.
Done exploring.
There is an open door here.
There is an open door here.
There is an open door here.
There is an open door here.
There is an open door here.
There is a stone staircase leading up here.
There is a stone staircase leading down here.
As you read the scroll labelled FOULEA CUAV, it crumbles to dust.
You assume a fearsome visage.
Nothing appears to happen.
It was a scroll of fear.
You climb downwards.
The two-headed ogre shouts in stereo!
You hear an angry hiss.
There is a stone staircase leading up here.
You hit the two-headed ogre. You freeze the two-headed ogre.
The two-headed ogre is lightly wounded.
An iguana comes into view.
The two-headed ogre barely misses you.
The two-headed ogre hits you with a +0 giant spiked club!
You slash the two-headed ogre! You freeze the two-headed ogre.
You headbutt the two-headed ogre!
The two-headed ogre is heavily wounded.
You closely miss the two-headed ogre.
The two-headed ogre is heavily wounded.
The two-headed ogre closely misses you.
The two-headed ogre hits you with a +0 giant spiked club!
You closely miss the two-headed ogre.
The two-headed ogre is heavily wounded.
The two-headed ogre hits you with a +0 giant spiked club!
The two-headed ogre hits you with a +0 giant spiked club.
* * * LOW HITPOINT WARNING * * *
You barely miss the two-headed ogre.
The two-headed ogre is heavily wounded.
The two-headed ogre hits you with a +0 giant spiked club!
* * * LOW HITPOINT WARNING * * *
The two-headed ogre hits you with a +0 giant spiked club!
You die...

#...........#
#...........#
#...........#
#...........#
#....l......#
#...........#
#.....O.....#
#.....@..<..#
#...........#
#...........#
#...........#
#...........#
#...........#
#...........#
#######.....#


You could see a two-headed ogre and an iguana.

Vanquished Creatures
  A black bear (D:4)
  An ogre (D:3)
  Blork the orc (D:4)
  A jelly (D:2)
  A hound (D:4)
  2 orc priests
  A sleepcap (D:4)
  Robin (D:4)
  6 adders
  6 gnolls (D:2)
  2 ufetubi (D:4)
  5 dart slugs
  2 ribbon worms
  12 orcs
  2 ball pythons
  5 endoplasms
  5 giant cockroaches
  16 goblins
  7 hobgoblins
  2 jackals (D:4)
  3 quokkas (D:2)
  3 bats
  3 frilled lizards
  9 kobolds
  4 rats
101 creatures vanquished.

Notes
Turn   | Place    | Note
-------+----------+-------------------------------------------
     0 | D:1      | Curundu the Minotaur Berserker began the quest for the Orb.
     0 | D:1      | Reached XP level 1. HP: 19/19 MP: 0/0
     9 | D:1      | Found Ceanuy's Jewellery Shop.
    22 | D:1      | Found a faded altar of an unknown god.
   114 | D:1      | Found Febirum's Magic Scroll Shoppe.
   249 | D:1      | Reached skill level 4 in Axes
   249 | D:1      | Reached XP level 2. HP: 27/27 MP: 1/1
   590 | D:1      | Found Joinoec's Magic Scroll Shoppe.
   604 | D:1      | Found Keesch's General Store.
   704 | D:1      | Identified a scroll of acquirement
   704 | D:1      | Acquired a +2 broad axe of freezing
   822 | D:2      | Reached XP level 3. HP: 29/33 MP: 2/2
  1010 | D:2      | Reached skill level 5 in Axes
  1010 | D:2      | Reached XP level 4. HP: 35/41 MP: 3/3
  1083 | D:2      | Reached ** piety under Trog
  1490 | D:2      | Reached XP level 5. HP: 39/47 MP: 4/4
  1660 | D:3      | Reached skill level 5 in Fighting
  1660 | D:3      | Reached skill level 6 in Axes
  1732 | D:3      | Noticed an ogre
  1735 | D:3      | Killed an ogre
  1736 | D:3      | Reached XP level 6. HP: 56/56 MP: 5/5
  2127 | D:4      | Noticed Blork the orc
  2134 | D:4      | Killed Blork the orc
  2135 | D:4      | Reached skill level 7 in Axes
  2317 | D:4      | Reached *** piety under Trog
  2319 | D:4      | Noticed Robin
  2327 | D:4      | Killed Robin
  2369 | D:4      | Found Ozop's Magic Scroll Boutique.
  2378 | D:4      | Reached XP level 7. HP: 31/61 MP: 6/6
  2379 | D:4      | Reached skill level 8 in Axes
  2527 | D:4      | Found a burning altar of Makhleb.
  2552 | D:4      | Found a staircase to the Ecumenical Temple.
  2731 | D:4      | Found a stormy altar of Qazlal.
  2813 | D:4      | Found a sacrificial altar of Ru.
  2865 | D:5      | Entered Level 5 of the Dungeon
  2865 | D:5      | Noticed a two-headed ogre
  2873 | D:5      | HP: 2/62 [two-headed ogre/+0 giant spiked club (14)]
  2873 | D:5      | Mangled by a two-headed ogre

Illustrated notes

Levels and vault maps discovered:
D:1:      grunt_arrival_crossed_arrows, layout_loops_ring,
          hellmonk_ecumenical_altar_pennies_from_heaven, serial_shops,
          nicolae_shop_trees, shop, shop, nicolae_shop_tiny_statue_garden
D:2:      layout_basic, minmay_unequal
D:3:      layout_basic, minmay_mini_jars
D:4:      nicolae_cairo_tiling_large, layout_cave_pools, lemuel_doored_altar,
          mainiacjoe_overflow_swirl, serial_shops, nicolae_shop_tiny_waterfront,
          uniq_blork_the_orc, uniq_robin
D:5:      layout_gridville, marbit_many_paths, nicolae_shop_gadgets

Skill      XL: |  1  2  3  4  5  6  7 |
---------------+----------------------+-----
Axes           | 4 5 6 7 8 |  8.0
Fighting       | 4 5 |  5.7
Armour         | 3 4 |  4.3
Dodging        | |  2.8
Stealth        | |  0.1

Action                     |  1- 3 |  4- 6 |  7- 9 || total
---------------------------+-------+-------+-------++-------
  Melee: Hand axe          |    26 |       |       ||    26
         Headbutt          |     4 |    16 |     1 ||    21
         Broad axe         |    15 |   104 |    10 ||   129
         Punch             |       |     1 |       ||     1
 Invoke: Trog's Hand       |       |     2 |       ||     2
    Use: Scroll            |     4 |     4 |     1 ||     9
 Armour: Chain mail        |    23 |   130 |    10 ||   163
         Animal skin       |     3 |       |       ||     3
  Dodge: Dodged            |    22 |    57 |     7 ||    86
